 Dungeon Crawl Stone Soup version 0.25-a0-1133-g93ebf739aa (webtiles) character file.

Game seed: 9956876715010616911, levelgen mode: deterministic

16 vurker the Charlatan (level 2, -6/22 HPs)
             Began as a Barachi Artificer on May 21, 2020.
             Killed themself with a badly aimed iceblast (15 damage)
             ... on level 1 of the Dungeon.
             The game lasted 00:00:34 (43 turns).

vurker the Charlatan (Barachi Artificer)              Turns: 43, Time: 00:00:34

Health: -6/22      AC:  3    Str: 13    XL:     2   Next: 54%
Magic:  4/4        EV: 12    Int: 11    God:
Gold:   0          SH:  0    Dex: 12    Spells: 1/1 levels left

rFire    . . .     SeeInvis .   a - +0 short sword
rCold    . . .     Gourm    .   (no shield)
rNeg     . . .     Faith    .   b - +0 leather armour
rPois    .         Spirit   .   (no helmet)
rElec    .         Reflect  .   (no cloak)
rCorr    .         Harm     .   (no gloves)
MR       .....                  (no boots)
Stlth    +.........             (no amulet)
HPRegen  0.07/turn              (no ring)
MPRegen  0.09/turn              (no ring)

@: slow
A: +LOS, swims, slowness 1, strong legs 1
a: Hop


You were on level 1 of the Dungeon.
You were not hungry.

You visited 1 branch of the dungeon, and saw 1 of its levels.

Inventory:

Hand Weapons
 a - a +0 short sword (weapon)
Armour
 b - a +0 leather armour (worn)
Wands
 d - a wand of enslavement (15)
 f - a wand of random effects (14)
 t - a wand of flame (15)
Comestibles
 c - a chunk of flesh
 e - a ration


   Skills:
 + Level 1.8 Fighting
 - Level 1.1 Short Blades
 + Level 1.0 Armour
 + Level 2.5 Dodging
 - Level 0.8 Stealth
 + Level 3.5 Evocations


You had one spell level left.
You didn't know any spells.
Your spell library was empty.

Dungeon Overview and Level Annotations

Branches:
Dungeon (1/15)

Altars:


Innate Abilities, Weirdness & Mutations

You can be seen from farther away. (+LOS)
You can swim through water.
You cover ground slowly.
You can hop short distances.


Message History

You see here a rat skeleton. x2
As you open the door, it creaks loudly!
A ball python comes into view.
You hear a shout! x2
A ball python is nearby!
A rat comes into view.
There is an open door here.
A gnoll comes into view. It is wielding a +0 spear.
The gnoll shouts!
The ball python bites you. The ball python misses you.
The ball python bites you but does no damage.
The ball python grabs you. The ball python constricts you.
Something unseen opens the door.
There is an open door here.
You escape the ball python's grasp. 2 hobgoblins come into view.
The hobgoblin shouts! x2
A hobgoblin comes into view. It is wielding a +0 club.
The ball python bites you but does no damage.
The ball python grabs you. The ball python constricts you.
You escape the ball python's grasp.
A rat comes into view.
The ball python bites you. The ball python grabs you.
The ball python constricts you.
You escape the ball python's grasp.
The ball python bites you but does no damage.
The ball python grabs you. The ball python constricts you.
You escape the ball python's grasp.
You hit the ball python.
You kill the ball python!
A rat comes into view.
Found 23 arrows and 17 poisoned darts.
Found a stone staircase leading down.
Aim: a gnoll, wielding a +0 spear The gnoll appears confused.
The hobgoblin hits you with a +0 club.
The gnoll hits the rat with a +0 spear!
The rat is killed!
The hobgoblin barely misses you.
The gnoll barely misses the hobgoblin.
You hit the gnoll. The hobgoblin hits you with a +0 club.
* * * LOW HITPOINT WARNING * * *
The gnoll hits you but does no damage.
Aim: a gnoll, wielding a +0 spear (lightly wounded, confused)
The mass of ice explodes!
The iceblast engulfs the gnoll!
You kill the gnoll!
Your Armour skill increases to level 1!
You have reached level 2!
The iceblast engulfs the hobgoblin!!
You kill the hobgoblin!
The iceblast engulfs you!
Ouch! That really hurt!
You die...

####.... .......#
..r....# .###.
....... ..#. .....
#... ###...####.
#.. #..........
#..#####..........
##§§....#@g.#(..>(.
.####.§§§§≈.†)..#
....
......≈§§§≈≈.†..#
..
.....§§§<>≈≈g####
......≈≈≈≈.≈.#
..##...≈≈≈≈..#
#..#.......## ..#
..# #..###.#....#
..##...#
#...........#
...#...#


You could see 2 hobgoblins and a rat.

Vanquished Creatures
  A gnoll (D:1)
  A leopard gecko (D:1)
  A ball python (D:1)
  A hobgoblin (D:1)
  2 rats (D:1)
6 creatures vanquished.

Notes
Turn   | Place    | Note
-------+----------+-------------------------------------------
     0 | D:1      | vurker the Barachi Artificer began the quest for the Orb.
     0 | D:1      | Reached XP level 1. HP: 15/15 MP: 3/3
    43 | D:1      | Reached skill level 1 in Armour
    43 | D:1      | Reached XP level 2. HP: 9/22 MP: 4/4
    43 | D:1      | Killed themself with a badly aimed iceblast

Illustrated notes

Levels and vault maps discovered:
D:1:      dpeg_arrival_pits, layout_basic

Skill      XL: |  1 |
---------------+----+-----
Armour         | 1 |  1.0
Fighting       | |  1.8
Short Blades   | |  1.1
Dodging        | |  2.5
Stealth        | |  0.8
Evocations     | |  3.5

Action                   || total
-------------------------++-------
Melee: Short sword       ||     8
Evoke: Wand              ||     1
Armor: Leather armour    ||     7
Dodge: Dodged            ||     6

Table legend:
 A = Non-vault XP
 B = Vault XP
 C = Vault XP percentage of total XP
 D = Non-vault monster count
 E = Vault monster count
 F = Vault count percentage of total count
                 A         B        C        D         E       F
            +---------+---------+-------+---------+---------+-------
      Total |      23 |       0 |   0.0 |       6 |       0 |   0.0
            +---------+---------+-------+---------+---------+-------
        D:1 |      23 |       0 |   0.0 |       6 |       0 |   0.0
            +---------+---------+-------+---------+---------+-------
